woodfighter, chaotic female elven Rogue W i a a k .-- t l ..>. ...a@. ta....af. ....... --- --- woodfighter the Rogue Experience level: 6 Strength: 13 Dexterity: 19 Constitution: 16 Intelligence: 9 Wisdom: 11 Charisma: 9 Health: 0(41) Energy: 24(24) Def: 3 Gold: 0 Moves: 2703 Dungeon seed: SYyCrLqcb9TqCUbY Game ID: woodfighter_1515959281 Your Inventory: Amulets k - an uncursed amulet of life saving Weapons a - a +0 elven short sword (weapon in hand) b - 7 +0 elven daggers (in quiver) o - a cursed -2 elven dagger Armor e - an uncursed +1 leather armor (being worn) n - an uncursed +0 dwarvish cloak q - an uncursed +0 alchemy smock r - a cursed -3 cloak of displacement z - an uncursed +0 dwarvish cloak Comestibles m - 2 uncursed tins of dwarf meat A - an uncursed apple Wands h - a wand of opening (0:3) W - a wand of slow monster (0:4) Z - a blessed wand of enlightenment (0:12) Tools g - an uncursed blindfold s - an uncursed sack y - an uncursed lock pick Contents of the sack: 548 gold pieces a [blessed] scroll [of fire] labeled HACKEM MUCHE a [uncursed] scroll of create monster a [uncursed] scroll of destroy armor a [cursed] scroll of enchant weapon 2 [uncursed] scrolls of enchant weapon a [blessed] scroll of enchant weapon 2 [blessed] scrolls of identify a [uncursed] scroll of identify a [cursed] scroll of identify a [uncursed] scroll of remove curse a [uncursed] scroll of scare monster a [uncursed] scroll of scare monster a [blessed] scroll of stinking cloud a [uncursed] scroll of teleportation a [blessed] scroll of water a [uncursed] spellbook of levitation a [uncursed] spellbook of levitation a [cursed] potion of booze 4 [uncursed] potions of hallucination a [uncursed] potion of levitation an uncursed potion of sickness a [uncursed] potion of water a [cursed] [-1] ring of increase damage Spells and supernatural/magical abilities: Name Level Category Fail Memory W - pray for help -- divine ? -- Your skills at the end: Miscellaneous Skills wands [Basic] Weapon Skills dagger [Basic] short sword [Basic] Spellcasting Skills Final Attributes: You were piously aligned. You were sleep resistant. You were blinded. You were telepathic. You had infravision. You were stealthy. You are dead. Vanquished creatures: 2 small mimics a leprechaun a dust vortex a yellow light a rock mole a gnome lord a gray ooze a puppy 2 floating eyes a kitten a dwarf a kobold lord a jitterbug a giant bat 4 orc zombies a gas spore a hobbit 2 acid blobs a large kobold a hobgoblin 3 giant rats 2 brown molds a yellow mold 3 gnomes 4 jackals a newt 7 sewer rats a grid bug 6 lichens 2 kobold zombies 56 creatures vanquished. Voluntary challenges: You did not adorn yourself with jewelry or accessories. You did not cause conflict. You were not invisible. You did not have reflection. You were not displaced. You had been an atheist until turn 1973. You used a wielded weapon 80 times, starting on turn 26. You did not apply a unicorn horn. You did not use plumbed fixtures. You did not drink any magical draughts. You were illiterate. You never genocided any monsters. You never polymorphed an object. You never changed form. You used no wishes. You never split a pudding. You never wrote Elbereth's name. You never violated your personal moral code. Dungeon overview: The Dungeons of Doom: levels 1 to 10 Level 1 a fountain a long staircase Level 2 (buy lots of scrolls) a scroll shop stairs to The Gnomish Mines Level 3 (vault) a general store, a fountain Level 4 Level 5 (saddle) Level 6 Level 7 Level 9 <- You were here Level 10 a fountain The Gnomish Mines: Level 3 stairs to The Dungeons of Doom History has recorded: On T:1 you entered the Dungeons of Doom to retrieve the Amulet of Yendor! On T:29 you reached level 2 of The Dungeons of Doom. On T:411 you reached level 1 of The Gnomish Mines. On T:418 you advanced to experience level 2. On T:430 you advanced to experience level 3. On T:532 you reached level 3 of The Dungeons of Doom. On T:770 you advanced to experience level 4. On T:1161 you reached level 4 of The Dungeons of Doom. On T:1306 you advanced to experience level 5. On T:1647 you reached level 5 of The Dungeons of Doom. On T:1712 you reached level 6 of The Dungeons of Doom. On T:1973 you prayed to Kos. On T:2501 you advanced to experience level 6. On T:2532 you reached level 7 of The Dungeons of Doom. On T:2628 you reached level 10 of The Dungeons of Doom. On T:2664 you reached level 9 of The Dungeons of Doom. Score breakdown: Gold: 548 ( 54 points) Experience: 6 levels ( 500 points) Exploration: 10 levels ( 270 points) Discoveries: 24 items ( 1200 points) Variety of kills: 30 monsters ( 1500 points) Major goal: (nothing yet) ( 0 points) Survival: died (score multiplied by 3) Total score: 10572 Latest messages: You stab the imp. You throw 2 elven daggers. The 1st elven dagger hits the imp. The 2nd elven dagger hits the imp. b - 2 +0 elven daggers (in quiver). You throw 2 elven daggers. The 1st elven dagger hits the giant beetle. The 2nd elven dagger hits the giant beetle. The elven dagger hits the giant beetle. You hear some noises. You stab the imp. The imp claws you! You stab the imp. The imp claws you! You stab the imp. The imp claws you! You stab the imp. The imp claws you! You stab the imp. You stab the giant beetle. You stab the giant ant. The giant beetle bites! The giant ant bites! You die... Final status: Goodbye woodfighter the Rogue, killed by a giant ant... You died in The Dungeons of Doom on dungeon level 9 with 10572 points, and 548 pieces of gold, after 2703 moves. You were level 6 with a maximum of 41 hit points when you died.